 Dungeon Crawl Stone Soup version 0.27.0-1-g7a089689b8 (webtiles) character file.

Game seed: 10689620352881042810

725 dinky the Sneak (level 7, -7/32 HPs)
             Began as a Spriggan Venom Mage on Aug 4, 2021.
             Was a Follower of Elyvilon.
             Shot with an arrow by a centaur (8 damage)
             ... on level 6 of the Dungeon.
             The game lasted 00:10:30 (2291 turns).

dinky the Sneak (Spriggan Venom Mage)               Turns: 2291, Time: 00:10:30

Health: -7/32      AC:  2    Str:  4    XL:     7   Next: 43%
Magic:  6/15       EV: 17    Int: 19    God:    Elyvilon [*.....]
Gold:   130        SH:  0    Dex: 15    Spells: 6/16 levels left

rFire    . . .     SeeInvis +   i - +1 dagger (speed)
rCold    . . .     Faith    .   (shield restricted)
rNeg     . . .     Spirit   .   a - +0 robe
rPois    .         Reflect  .   (helmet restricted)
rElec    .         Harm     .   (no cloak)
rCorr    .         Rampage  .   (gloves unavailable)
Will     +....                  (boots unavailable)
Stlth    +++.......             (no amulet)
HPRegen  0.10/turn              (no ring)
MPRegen  0.14/turn              (no ring)

@: very quick
A: very small, no large weapons, unfitting armour, see invisible, speed 3
a: Renounce Religion, Lesser Healing, Divine Protection


You were on level 6 of the Dungeon.
You worshipped Elyvilon.
Elyvilon was aware of your devotion.
You visited 1 branch of the dungeon, and saw 6 of its levels.

You collected 130 gold pieces.

Inventory:

Hand Weapons
 b - a +0 dagger
 i - a +1 dagger of speed (weapon)
 j - a +0 hunting sling
 o - a +1 dagger of draining
 u - a +0 shortbow
 z - a +0 hunting sling
Missiles
 d - 26 bolts
 l - 53 stones
 v - 13 arrows
 y - 22 sling bullets
Armour
 a - a +0 robe (worn)
Scrolls
 e - a scroll of fog
 f - a scroll of fear {unknown}
 h - a scroll of summoning {unknown}
 m - a scroll of teleportation
 r - 2 scrolls of magic mapping {unknown}
 t - a scroll of vulnerability {unknown}
Potions
 c - 5 potions of curing {unknown}
 g - 3 potions of might
 k - a potion of ambrosia
 n - 2 potions of haste {unknown}
 p - a potion of attraction {unknown}
 q - a potion of invisibility {unknown}
 s - a potion of berserk rage {unknown}
 w - 2 potions of heal wounds {unknown}
 x - a potion of flight {unknown}


   Skills:
 + Level 3.1 Short Blades
 + Level 2.7 Dodging
 + Level 6.5 Stealth
 + Level 5.2 Spellcasting
 - Level 1.0 Conjurations
 - Level 2.9 Transmutations
 - Level 2.0 Air Magic
 + Level 4.9 Poison Magic


You had 6 spell levels left.
You knew the following spells:

 Your Spells              Type           Power      Damage    Failure   Level
a - Sting                 Tmut/Pois      76%        1d6       2%          1
b - Poisonous Vapours     Pois/Air       36%        N/A       4%          2
c - Mephitic Cloud        Conj/Pois/Air  15%        N/A       12%         3
d - Olgreb's Toxic Radia  Pois           23%        N/A       16%         4

Your spell library contained the following spells:

 Spells                   Type           Power      Damage    Failure   Level
 Corpse Rot               Necr/Air       N/A        N/A       12%         2
 Freezing Cloud           Conj/Ice/Air   4%         6-21      92%         5
 Simulacrum               Ice/Necr       2%         N/A       100%        6
 Polar Vortex             Ice            2%         N/A       100%        9


Dungeon Overview and Level Annotations

Branches:
Dungeon (6/15)             Temple (0/1) D:6

Altars:
Dithmenos
Elyvilon
Gozag
Zin

Annotations:
D:3 Natasha
D:5 Grinder


Innate Abilities, Weirdness & Mutations

You are very small and have problems with some larger weapons.
You are too small for most types of armour.
You have supernaturally acute eyesight. (SInv)
You cover ground extremely quickly. (Speed+++)


Message History

Casting: Sting (safe; 2% risk of failure)
Confirm with . or Enter, or press ? or * to list all spells.
The spell is quite dangerous to cast (12% risk of failure)!
Continue anyway?
Aiming: Mephitic Cloud (quite dangerous; 12% risk of failure)
Press: ? - help, Shift-Dir - straight line
Okay, then.
Casting: Mephitic Cloud (quite dangerous; 12% risk of failure)
Confirm with . or Enter, or press ? or * to list all spells.
Aiming: Poisonous Vapours (safe; 4% risk of failure)
Press: ? - help, Dir - move target, f - centaur
Aim: a centaur, wielding a +0 shortbow and quivering arrows Poisonous vapours surround the centaur!
The centaur is poisoned.
The jelly quivers.
The centaur unwields a +0 shortbow.
The centaur barely misses you. The centaur completely misses you.
Casting: Poisonous Vapours (safe; 4% risk of failure)
Confirm with . or Enter, or press ? or * to list all spells.
Aiming: Poisonous Vapours (safe; 4% risk of failure)
Press: ? - help, Dir - move target, f/p - centaur
Aim: a centaur, quivering arrows (lightly wounded, poisoned) Poisonous vapours surround the centaur!
The centaur looks even sicker.
The centaur barely misses you.
The centaur kicks you but does no damage.
A hound comes into view.
The centaur closely misses you. The centaur barely misses you.
The centaur misses you. The centaur closely misses you.
A jelly comes into view.
The centaur barely misses you. The centaur closely misses you.
The centaur wields a +0 shortbow.
The centaur shoots an arrow.
The arrow misses you.
The jelly quivers.
Found a pair of gloves.
The jelly jiggles.
The jelly misses you.
The centaur shoots an arrow.
The arrow hits you!
* * * LOW HITPOINT WARNING * * *
The centaur shoots an arrow.
The arrow hits you!
* * * LOW HITPOINT WARNING * * *
Found a whip and 8 gold pieces.
The centaur shoots an arrow.
The arrow hits you!
You die...

#. #...# #.# #$
##.#.## #.# #.
#.....# #.#
#.#####.#.#.###.###
#.......Jc...>.....
#[#..J.#.8.#.......
#....#....$h.#...#.
#..#...8.>.8...#.#.
#.@..#.......#...#
#.##...#.8.#...#.#
#. ###....(..?##.#
#. ##.#.#...# h# #.
#.......# ## #)
Y..#..#.# ## ..#


You could see a centaur (poisoned).

Vanquished Creatures
  An ice beast (D:5)
  3 ogres
  A centaur (D:5)
  A scorpion (D:5)
  2 hounds
  A centaur skeleton (D:4)
  A bullfrog skeleton (D:4)
  Natasha (D:3)
  A hound skeleton (D:4)
  3 adders
  2 ufetubi
  An adder skeleton (D:4)
  3 dart slugs
  8 orcs (D:6)
  6 ball pythons
  6 endoplasms
  5 goblins
  4 hobgoblins
  8 jackals
  A quokka (D:4)
  3 bats
  3 kobolds (D:1)
  6 rats
71 creatures vanquished.

Vanquished Creatures (others)
  A quokka (D:4)
1 creature vanquished.

Grand Total: 72 creatures vanquished

Notes
Turn   | Place    | Note
-------+----------+-------------------------------------------
     0 | D:1      | dinky the Spriggan Venom Mage began the quest for the Orb.
     0 | D:1      | Reached XP level 1. HP: 9/9 MP: 5/5
   196 | D:1      | Reached XP level 2. HP: 10/13 MP: 4/6
   296 | D:2      | Learned a level 2 spell: Poisonous Vapours
   434 | D:1      | Reached XP level 3. HP: 8/16 MP: 2/8
   740 | D:3      | Noticed a kobold brigand
   751 | D:3      | Learned a level 3 spell: Mephitic Cloud
   774 | D:3      | Noticed Natasha
   815 | D:3      | Killed Natasha
   816 | D:3      | Reached skill level 4 in Stealth
   816 | D:3      | Reached XP level 4. HP: 6/21 MP: 1/10
   895 | D:3      | Noticed Natasha
   930 | D:3      | Found a shadowy altar of Dithmenos.
  1135 | D:4      | Found a white marble altar of Elyvilon.
  1143 | D:4      | Became a worshipper of Elyvilon the Healer
  1279 | D:4      | Reached skill level 1 in Short Blades
  1295 | D:4      | Reached XP level 5. HP: 21/24 MP: 3/12
  1375 | D:4      | Learned a level 4 spell: Olgreb's Toxic Radiance
  1468 | D:4      | Reached skill level 5 in Stealth
  1567 | D:5      | Entered Level 5 of the Dungeon
  1596 | D:5      | Noticed a centaur
  1601 | D:5      | Killed a centaur
  1602 | D:5      | Reached XP level 6. HP: 16/28 MP: 9/13
  1628 | D:5      | Reached skill level 1 in Air Magic
  1638 | D:5      | Noticed an ice beast
  1694 | D:5      | Killed an ice beast
  1695 | D:5      | Reached skill level 1 in Conjurations
  1789 | D:5      | Reached skill level 6 in Stealth
  1789 | D:5      | Reached XP level 7. HP: 31/32 MP: 2/15
  1897 | D:5      | Reached skill level 5 in Spellcasting
  1905 | D:5      | Noticed Grinder
  2030 | D:6      | Reached * piety under Elyvilon
  2033 | D:6      | Found an opulent altar of Gozag.
  2170 | D:6      | Noticed a steam dragon
  2211 | D:6      | Found a glowing silver altar of Zin.
  2272 | D:6      | Found a staircase to the Ecumenical Temple.
  2289 | D:6      | HP: 1/32 [centaur/arrow (10)]
  2291 | D:6      | Shot with an arrow by a centaur

Illustrated notes

Levels and vault maps discovered:
D:1:      sevenhm_arrival_forest_fort_large_4, layout_basic,
          shapermc_ecumenical_altar_totnotflames,
          corexii_item_surrounded_by_moat
D:2:      layout_loops_ring, grunt_decor_fettered
D:3:      layout_basic, lemuel_tele_altar, uniq_natasha
D:4:      layout_loops_ring, nicolae_uskayaw_suspiria, elyvilon_altar_4
D:5:      layout_basic, dk_vineyard_2, uniq_grinder, uniq_edmund
D:6:      layout_basic, overflow_temple_1_default,
          mainiacjoe_overflow_surrounded_room, general_overflow_altar,
          minmay_temple_entry_sparse_star

Skill      XL: |  1  2  3  4  5  6  7 |
---------------+----------------------+-----
Spellcasting   | 3 4 5 |  5.2
Transmutations | 2 |  2.9
Stealth        | 4 5 6 |  6.5
Short Blades   | 1 2 3 |  3.1
Poison Magic   | 4 |  4.9
Air Magic      | 1 2 |  2.0
Conjurations   | 1 |  1.0
Dodging        | |  2.7

Action                   |  1- 3 |  4- 6 |  7- 9 || total
-------------------------+-------+-------+-------++-------
Melee: Dagger            |    23 |    45 |    22 ||    90
       Unarmed           |     1 |       |       ||     1
 Cast: Sting             |    47 |    22 |     8 ||    77
       Poisonous Vapours |     4 |    20 |    18 ||    42
  Use: Scroll            |       |     2 |     2 ||     4
       Potion            |       |     1 |       ||     1
 Stab: Sleeping          |     2 |     5 |       ||     7
Armor: Robe              |     6 |    10 |     3 ||    19
Dodge: Dodged            |    39 |    56 |    36 ||   131
